 Dungeon Crawl Stone Soup version 0.19.0-19-g8c6edcc (webtiles) character file.

3130 Monkfish the Slicer (level 10, -5/63 HPs)
             Began as a Kobold Berserker on Nov 14, 2016.
             Was a Priest of Trog.
             Killed by divine providence
             ... invoked by an orc priest
              (12 damage)
             ... on level 7 of the Dungeon.
             The game lasted 00:09:35 (5235 turns).

Monkfish the Slicer (Kobold Berserker)              Turns: 5235, Time: 00:09:36

Health: -5/63      AC:  7    Str: 18    XL:     10   Next: 14%
Magic:  10/10      EV: 18    Int:  8    God:    Trog [***...]
Gold:   302        SH:  5    Dex: 15    Spells: 0 memorised, 9 levels left

rFire  . . .     SeeInvis .     g - +4 short sword (drain)
rCold  + . .     Gourm    .     s - +3 leather armour {rC+}
rNeg   . . .     Faith    .     p - +0 buckler
rPois  .         Spirit   .     (no helmet)
rElec  .         Reflect  .     (no cloak)
rCorr  .         Harm     .     f - +0 pair of gloves
MR     ++...                    (no boots)
Stlth  ++++......               (no amulet)
                                (no ring)
                                (no ring)

@: lethally poisoned (-5 -> -5), exhausted, regenerating, slowed, very slow
A: carnivore 3
a: Berserk, Trog's Hand, Burn Spellbooks, Renounce Religion


You were on level 7 of the Dungeon.
You worshipped Trog.
Trog was most pleased with you.
You were not hungry.

You visited 1 branch of the dungeon, and saw 7 of its levels.

You collected 302 gold pieces.

Inventory:

Hand Weapons
 d - a +2 dagger of venom
 g - a +4 short sword of draining (weapon)
Armour
 b - a +0 animal skin
 f - a +0 pair of gloves (worn)
 p - a +0 buckler (worn)
 s - a +3 leather armour of cold resistance (worn)
Jewellery
 a - a +2 amulet of reflection
Wands
 i - a wand of paralysis (16/24)
 l - a wand of iceblast (8/15)
 m - a wand of confusion (27/48)
 n - a wand of flame (18/48)
Potions
 e - a potion of invisibility
 h - 2 potions of curing
 k - a potion of haste
 o - a potion of agility
 t - 2 potions of might
Comestibles
 c - 5 meat rations
 j - a slice of pizza


   Skills:
 + Level 7.0 Fighting
 + Level 11.3 Short Blades
 - Level 1.5 Armour
 - Level 7.3 Dodging
 + Level 9.2 Stealth
 * Level 1.7 Shields


You had 9 spell levels left.
You didn't know any spells.

Dungeon Overview and Level Annotations

Branches:
Dungeon (7/15)
 Temple: D:4-7

Altars:
Ashenzari
Cheibriados
Elyvilon
Fedhas
Hepliaklqana
Makhleb
Nemelex Xobeh
Okawaru
Qazlal
Sif Muna
Uskayaw
Vehumet
Xom

Shops:
D:4 *

Annotations:
D:7 Dowan


Innate Abilities, Weirdness & Mutations

You are small and have problems with some larger weapons.
You are carnivorous and can eat meat at any time.


Message History

Dowan is heavily wounded.
You block the orc warrior's attack. Dowan hits you but does no damage.
You hit Dowan. You drain Dowan!
Dowan is severely wounded.
You feel sick. Dowan closely misses you. The orc warrior closely misses you.
You hit Dowan but do no damage.
Dowan is severely wounded.
You feel sick.
Dowan gestures wildly while chanting.
Dowan blinks!
You closely miss Dowan.
Dowan is severely wounded.
You feel sick.
Dowan points at you and mumbles some strange words.
The shard of ice hits you! You partially resist.
* * * LOW HITPOINT WARNING * * *
You block the orc warrior's attack.
The orc priest invokes the aid of Beogh against you.
Beogh smites you!
You die...

#..............#
#.............%#
##########...###
####...###
.....>....#
..........#
...........##
########.>e.#
####@# #.# #o#
##########o#
#..$..)$.oo#
#.....g..gg#
#..........#
#..........#
..o............


You could see an orc warrior, Dowan, 2 orc priests, 2 gnolls and an orc.

Vanquished Creatures
  Pikel (D:5)
  The ghost of kroki the Chopper, an amateur FoFi (D:4)
  Sigmund (D:2)
  A spriggan (D:7)
  Duvessa (D:7)
  A black bear (D:6)
  2 ice beasts
  An orc warrior (D:6)
  A phantom (D:4)
  2 sky beasts (D:6)
  A centaur (D:5)
  A scorpion (D:5)
  5 wights (D:6)
  4 killer bees (D:7)
  4 howler monkeys
  3 jellies
  2 orc priests
  6 hounds
  A centaur skeleton (D:6)
  An iguana (D:6)
  A worker ant (D:4)
  8 gnolls
  7 adders
  4 shadow imps (D:6)
  4 worms
  3 dart slugs
  6 leopard geckos
  17 orcs
  5 giant cockroaches
  8 goblins
  7 hobgoblins
  24 jackals
  3 quokkas
  A ball python (D:1)
  8 bats
  5 frilled lizards
  2 jackal skeletons
  9 kobolds
  A quokka zombie (D:6)
  4 rats
167 creatures vanquished.

Notes
Turn   | Place    | Note
-------+----------+-------------------------------------------
     0 | D:1      | Monkfish the Kobold Berserker began the quest for the Orb.
     0 | D:1      | Reached XP level 1. HP: 14/14 MP: 1/1
    92 | D:1      | Reached XP level 2. HP: 16/19 MP: 2/2
   425 | D:1      | Reached XP level 3. HP: 20/24 MP: 3/3
   517 | D:1      | Reached ** piety under Trog
   517 | D:1      | Reached skill level 1 in Stealth
  1079 | D:2      | Reached XP level 4. HP: 26/29 MP: 4/4
  1099 | D:2      | Reached skill level 5 in Short Blades
  1190 | D:2      | Noticed Sigmund
  1203 | D:2      | Killed Sigmund
  1203 | D:2      | Reached skill level 6 in Short Blades
  1203 | D:2      | Reached XP level 5. HP: 34/34 MP: 5/5
  1203 | D:2      | Reached XP level 6. HP: 39/39 MP: 6/6
  1298 | D:2      | Found a shimmering altar of Xom.
  1300 | D:2      | Found an opulent altar of Gozag.
  1300 | D:2      | Found a burning altar of Makhleb.
  1302 | D:2      | Found a burning altar of Makhleb.
  1302 | D:2      | Found a stormy altar of Qazlal.
  1302 | D:2      | Found a hazy altar of Hepliaklqana.
  1425 | D:2      | Found a snail-covered altar of Cheibriados.
  1425 | D:2      | Found a shattered altar of Ashenzari.
  1871 | D:3      | Reached *** piety under Trog
  1957 | D:4      | Found Tovuank's Tempting Trifles.
  1964 | D:4      | Noticed a phantom
  2004 | D:4      | Killed a phantom
  2004 | D:4      | Reached XP level 7. HP: 37/44 MP: 7/7
  2152 | D:5      | Entered Level 5 of the Dungeon
  2396 | D:5      | Reached skill level 7 in Short Blades
  2396 | D:5      | Reached skill level 5 in Dodging
  2396 | D:5      | Reached skill level 5 in Stealth
  2428 | D:5      | Reached skill level 5 in Fighting
  2539 | D:5      | Reached XP level 8. HP: 14/49 MP: 8/8
  2823 | D:4      | Noticed kroki's ghost (amateur FoFi)
  2842 | D:4      | Killed kroki's ghost
  2842 | D:4      | Reached skill level 8 in Short Blades
  3419 | D:5      | Noticed Pikel
  3433 | D:5      | Killed Pikel
  3433 | D:5      | Reached skill level 9 in Short Blades
  3433 | D:5      | Reached XP level 9. HP: 54/55 MP: 9/9
  3959 | D:6      | Reached skill level 10 in Short Blades
  4553 | D:6      | Found a white marble altar of Elyvilon.
  4554 | D:6      | Found a hide-covered altar of Uskayaw.
  4556 | D:6      | Found a sparkling altar of Nemelex Xobeh.
  4557 | D:6      | Found a deep blue altar of Sif Muna.
  4558 | D:6      | Found a radiant altar of Vehumet.
  4558 | D:6      | Found a stormy altar of Qazlal.
  4558 | D:6      | Found a blossoming altar of Fedhas.
  4559 | D:6      | Found an iron altar of Okawaru.
  4565 | D:6      | Reached **** piety under Trog
  5067 | D:7      | Reached skill level 11 in Short Blades
  5067 | D:7      | Reached skill level 1 in Shields
  5067 | D:7      | Reached XP level 10. HP: 53/61 MP: 10/10
  5177 | D:7      | Noticed Dowan
  5178 | D:7      | Noticed Duvessa
  5205 | D:7      | Killed Duvessa
  5235 | D:7      | Killed from afar by an orc priest

Skill      XL: |  1  2  3  4  5  6  7  8  9 10 |
---------------+-------------------------------+-----
Stealth        | 1 3 4 5 7 9 |  9.2
Dodging        | 3 4 5 6 7 |  7.3
Short Blades   | 6 7 9 11 | 11.3
Fighting       | 4 5 6 7 |  7.0
Shields        | 1 |  1.7
Armour         | |  1.5

Action                   |  1- 3 |  4- 6 |  7- 9 | 10-12 || total
-------------------------+-------+-------+-------+-------++-------
Melee: Short sword       |    99 |   112 |   271 |    45 ||   527
Invok: Berserk           |     3 |     4 |     8 |     1 ||    16
       Trog's Hand       |       |     1 |     5 |     2 ||     8
  Use: Scroll            |     2 |     4 |    11 |       ||    17
       Potion            |     4 |     2 |     2 |     1 ||     9
 Stab: Sleeping          |     2 |     3 |     5 |     1 ||    11
       Distracted        |       |       |     1 |       ||     1
  Eat: Chunk             |     6 |     7 |    14 |     4 ||    31
Armor: Animal skin       |    18 |    16 |    18 |       ||    52
       Leather armour    |       |       |     5 |     3 ||     8
Dodge: Dodged            |    74 |    81 |   161 |    39 ||   355
Block: Other             |       |     5 |    11 |       ||    16
       Buckler           |       |       |     3 |     9 ||    12
